 Dungeon Crawl Stone Soup version 0.18-a0-5-gf1fb587 (webtiles) character file.

159 Raultor the Insei (level 5, -1/27 HPs)
             Began as a Vine Stalker Monk on Oct 31, 2015.
             Was a Believer of Qazlal.
             Slain by PeterLawrence's ghost (8 damage)
             ... on level 4 of the Dungeon.
             The game lasted 00:06:19 (2565 turns).

Raultor the Insei (Vine Stalker Monk)               Turns: 2565, Time: 00:06:19

Health: -1/27      AC:  3    Str: 13    XL:     5   Next: 40%
Magic:  0/6        EV: 13    Int: 10    God:    Qazlal [**....]
Gold:   240        SH:  2    Dex: 18    Spells: 0 memorised, 4 levels left

rFire  . . .     SeeInvis .       - Unarmed
rCold  . . .     Clarity  .     a - +0 robe
rNeg   . . .     SustAt   .     (no shield)
rPois  .         Gourm    .     (no helmet)
rElec  .         Spirit   +     (no cloak)
rCorr  .         Warding  .     r - +0 pair of gloves
rMut   .         Stasis   .     (no boots)
MR     .....                    (no amulet)
Stlth  ++........               (no ring)
                                (no ring)

@: not resistant to hostile enchantments, unstealthy
A: fangs 2, regeneration 1, magic shield, antimagic bite, no device heal 3, rot
immunity
a: Upheaval, Renounce Religion


You were on level 4 of the Dungeon.
You worshipped Qazlal.
Qazlal was pleased with you.
You were not hungry.

You visited 1 branch of the dungeon, and saw 4 of its levels.

You collected 240 gold pieces.

Inventory:

Hand Weapons
 q - a +1 dagger of venom
Missiles
 m - 9 poisoned needles
Armour
 a - a +0 robe (worn)
 r - a +0 pair of gloves (worn)
Scrolls
 d - 2 scrolls of identify {unknown}
 e - a scroll of teleportation {unknown}
 f - a scroll of random uselessness {unknown}
 g - 2 scrolls of remove curse {unknown}
 h - a scroll of amnesia {unknown}
 i - a scroll of enchant armour {unknown}
Potions
 c - a potion of ambrosia {unknown}
 j - a potion of lignification {unknown}
 k - a potion of resistance {unknown}
 n - a potion of agility {unknown}
Books
 o - a book of Transfigurations

   Spells                             Type                      Level
   a - Stoneskin                      Transmutation/Earth          2
   b - Irradiate                      Conjuration/Transmutation    5
   c - Statue Form                    Transmutation/Earth          6
   d - Hydra Form                     Transmutation                6
   e - Dragon Form                    Transmutation                7
Comestibles
 b - 2 bread rations
 l - a slice of pizza
 p - a meat ration


   Skills:
 - Level 2.6 Fighting
 - Level 2.4 Dodging
 - Level 2.4 Stealth
 + Level 6.5 Unarmed Combat


You had 4 spell levels left.
You didn't know any spells.

Dungeon Overview and Level Annotations

Branches:
Dungeon (4/15)
 Temple: D:4-7

Altars:
Ashenzari
Gozag
Nemelex Xobeh
Qazlal
Vehumet

Annotations:
D:4 PeterLawrence's ghost, novice GrFi


Innate Abilities, Weirdness & Mutations

You have extremely sharp teeth.
Your natural rate of healing is unusually fast.
When hurt, damage is shared between your health and your magic reserves.
Your bite disrupts and absorbs the magic of your enemies.
Potions and wands cannot restore your health.
You are immune to rotting.


Message History

PeterLawrence's ghost wails, "Death is your only future!"
PeterLawrence's ghost hits you!
You hit PeterLawrence's ghost but do no damage.
PeterLawrence's ghost is moderately damaged.
PeterLawrence's ghost hits you!
* * * LOW HITPOINT WARNING * * *
You are too injured to fight recklessly!
You are too injured to fight recklessly!
You barely miss PeterLawrence's ghost.
You punch PeterLawrence's ghost, but do no damage.
Your bite misses PeterLawrence's ghost.
PeterLawrence's ghost is moderately damaged.
PeterLawrence's ghost barely misses you.
You barely miss PeterLawrence's ghost.
PeterLawrence's ghost is moderately damaged.
You hit PeterLawrence's ghost but do no damage.
Your bite misses PeterLawrence's ghost.
PeterLawrence's ghost is moderately damaged.
PeterLawrence's ghost hits you!
You die...

####..........
.#.............
...............
...............
...............
...............
.............?.
##'####W#######
#..@..#
#...ยง.#
#.....# #.....#
#######'###
##..###..##
#.........#
#.........#
#.........#


You could see PeterLawrence's ghost.

Vanquished Creatures
  A scorpion (D:3)
  An orc priest (D:3)
  2 adders
  An ooze (D:1)
  2 giant geckos (D:2)
  5 orcs
  2 ball pythons
  A giant cockroach (D:1)
  5 hobgoblins
  3 kobolds
  A quokka (D:3)
  12 bats
  2 giant newts
  6 goblins
  A goblin zombie (D:4)
  7 rats
52 creatures vanquished.

Vanquished Creatures (others)
  A hobgoblin (D:2)
1 creature vanquished.

Grand Total: 53 creatures vanquished

Notes
Turn   | Place    | Note
--------------------------------------------------------------
     0 | D:1      | Raultor the Vine Stalker Monk began the quest for the Orb.
     0 | D:1      | Reached XP level 1. HP: 11/11 MP: 2/2
   192 | D:1      | Reached XP level 2. HP: 14/16 MP: 3/3
   630 | D:1      | Reached XP level 3. HP: 14/19 MP: 4/4
   835 | D:2      | Reached skill level 5 in Unarmed Combat
  1105 | D:2      | Found a radiant altar of Vehumet.
  1231 | D:2      | Found a shattered altar of Ashenzari.
  1675 | D:3      | Found an opulent altar of Gozag.
  1720 | D:3      | Reached XP level 4. HP: 19/23 MP: 5/5
  1875 | D:3      | Found a stormy altar of Qazlal.
  1899 | D:3      | Noticed a scorpion
  1915 | D:3      | Killed a scorpion
  1915 | D:3      | Reached skill level 6 in Unarmed Combat
  1915 | D:3      | Reached XP level 5. HP: 8/27 MP: 2/6
  2016 | D:3      | Became a worshipper of Qazlal Stormbringer
  2016 | D:3      | Reached * piety under Qazlal
  2016 | D:3      | Reached ** piety under Qazlal
  2206 | D:3      | Found a sparkling altar of Nemelex Xobeh.
  2551 | D:4      | Noticed PeterLawrence's ghost (novice GrFi)
  2565 | D:4      | Slain by PeterLawrence's ghost

Vault maps used:
D:1:      evilmike_arrival_hilbert_curve, minivault_14, roderic_serpentine_path,
          hangedman_decor_growths
D:2:      fiery_altar_vehumet, ashenzari_altar_1
D:3:      lemuel_doored_altar, lemuel_round_altar, nemelex_deck
D:4:      nicolae_tso_besieged_by_evil, first_bread, kennysheep_dice

Action                   |  1- 3 |  4- 6 || total
-------------------------+-------+-------++-------
Melee: Unarmed           |    91 |    58 ||   149
 Stab: Sleeping          |     4 |       ||     4
       Distracted        |     1 |     1 ||     2
  Eat: Chunk             |     2 |     3 ||     5
